BR
MONROE MALLARDS @ SAN FRANCISCO MACHO MEN
07/30/2027
 
TOP OF THE 1ST
Monroe Mallards batting - Pitching for San Francisco Macho Men : RHP John Robinson
Pitching: RHP John Robinson
Batting: RHB Ricardo López 0-0: Foul Ball, location: 2F
0-1: Called Strike
0-2: Ball
1-2: Strikes out looking
Batting: RHB Roberto Sánchez 0-0: Fly out, F5 (Line Drive, 56S)
Batting: RHB Dave Sawyer 0-0: Ball
1-0: Ball
2-0: Ground out 6-3 (Groundball, 6MS)
Top of the 1st over - 0 run(s), 0 hit(s), 0 error(s), 0 left on base; Monroe 0 - San Francisco 0
BOTTOM OF THE 1ST
San Francisco Macho Men batting - Pitching for Monroe Mallards : RHP Mike Church
Pitching: RHP Mike Church
Batting: RHB Mike Hall 0-0: Fly out, F6 (Popup, 56)
Batting: RHB Pablo Pineda 0-0: Ball
1-0: Called Strike
1-1: Ball
2-1: Foul Ball, location: 2F
2-2: Foul Ball, location: 2F
2-2: Ball
3-2: Strikes out looking
Batting: LHB Tony Ayala 0-0: Foul Ball, location: 2F
0-1: Swinging Strike
0-2: Ball
1-2: Foul Ball, location: 2F
1-2: Ball
2-2: Ball
3-2: SINGLE (Line Drive, 34)
Batting: RHB Steve Boyer 0-0: Ball
Tony Ayala steals 2nd base
1-0: Called Strike
1-1: Fly out, F9 (Flyball, 9)
Bottom of the 1st over - 0 run(s), 1 hit(s), 0 error(s), 1 left on base; Monroe 0 - San Francisco 0
TOP OF THE 2ND
Monroe Mallards batting - Pitching for San Francisco Macho Men : RHP John Robinson
Batting: LHB Allen Boyd 0-0: Called Strike
0-1: Foul Ball, location: 2F
0-2: Strikes out looking
Batting: RHB Cisco López 0-0: Called Strike
0-1: Ball
1-1: Called Strike
1-2: Ball
2-2: Strikes out looking
Batting: RHB Stephen Black 0-0: Swinging Strike
0-1: Swinging Strike
0-2: Strikes out swinging
Top of the 2nd over - 0 run(s), 0 hit(s), 0 error(s), 0 left on base; Monroe 0 - San Francisco 0
BOTTOM OF THE 2ND
San Francisco Macho Men batting - Pitching for Monroe Mallards : RHP Mike Church
Batting: SHB Walton Locke 0-0: Ball
1-0: Swinging Strike
1-1: Ball
2-1: Ball
3-1: Fly out, F8 (Flyball, 8LD)
Batting: LHB António Muńóz 0-0: Foul Ball, location: 2F
0-1: Reached on error, E6 (Groundball, 6)
Batting: RHB Derek Hartman 0-0: Foul Ball, location: 2F
0-1: Ball
1-1: Foul Ball, location: 2F
1-2: Fly out, F7 (Flyball, 7)
Batting: RHB Peter Hernández 0-0: Ball
1-0: Swinging Strike
1-1: Foul Ball, location: 2F
1-2: Strikes out swinging
Bottom of the 2nd over - 0 run(s), 0 hit(s), 1 error(s), 1 left on base; Monroe 0 - San Francisco 0
TOP OF THE 3RD
Monroe Mallards batting - Pitching for San Francisco Macho Men : RHP John Robinson
Batting: RHB Rafael Crus 0-0: Ball
1-0: Ground out 5-3 (Groundball, 56)
Batting: SHB Richie Gallegos 0-0: Ball
1-0: Foul Ball, location: 2F
1-1: Swinging Strike
1-2: Ball
2-2: Ball
3-2: Strikes out swinging, 2-3 out at first.
Batting: LHB Ramón Chávez 0-0: Swinging Strike
0-1: Ball
1-1: Foul Ball, location: 2F
1-2: Ball
2-2: Ground out 4-3 (Groundball, 4)
Top of the 3rd over - 0 run(s), 0 hit(s), 0 error(s), 0 left on base; Monroe 0 - San Francisco 0
BOTTOM OF THE 3RD
San Francisco Macho Men batting - Pitching for Monroe Mallards : RHP Mike Church
Batting: RHB Dave MacGruder 0-0: Called Strike
0-1: Ground out 5-3 (Groundball, 56)
Batting: RHB Mike Hall 0-0: Called Strike
0-1: Called Strike
0-2: Ground out 4-3 (Groundball, 4)
Batting: RHB Pablo Pineda 0-0: Foul Ball, location: 2F
0-1: Ground out 5-3 (Groundball, 56S)
Bottom of the 3rd over - 0 run(s), 0 hit(s), 0 error(s), 0 left on base; Monroe 0 - San Francisco 0
TOP OF THE 4TH
Monroe Mallards batting - Pitching for San Francisco Macho Men : RHP John Robinson
Batting: RHB Ricardo López 0-0: Ball
1-0: Ball
2-0: Called Strike
2-1: SINGLE (Line Drive, 89S)
Batting: RHB Roberto Sánchez 0-0: SINGLE (Groundball, 4MD)
Ricardo López to second
Batting: RHB Dave Sawyer 0-0: Ball
1-0: Called Strike
1-1: Ball
2-1: Swinging Strike
2-2: Foul Ball, location: 2F
2-2: Strikes out swinging
Batting: LHB Allen Boyd 0-0: DOUBLE (Line Drive, 89XD)
Ricardo López scores
Roberto Sánchez to third
Batting: RHB Cisco López 0-0: Ball
1-0: Ball
2-0: SINGLE (Flyball, 8RS)
Roberto Sánchez scores
Allen Boyd to third
Batting: RHB Stephen Black 0-0: Ball
1-0: Foul Ball, location: 2F
1-1: Foul Ball, location: 2F
1-2: Strikes out swinging
Batting: RHB Rafael Crus 0-0: Ball
1-0: Called Strike
1-1: Ball
2-1: SINGLE (Flyball, 7LS)
Allen Boyd scores
Cisco López to second
Batting: SHB Richie Gallegos 0-0: Ball
1-0: Ball
2-0: Foul Ball, location: 2F
2-1: Ball
3-1: Fielders Choice at 2nd, 4-6 (Groundball, 4)
Top of the 4th over - 3 run(s), 5 hit(s), 0 error(s), 1 left on base; Monroe 3 - San Francisco 0
BOTTOM OF THE 4TH
San Francisco Macho Men batting - Pitching for Monroe Mallards : RHP Mike Church
Batting: LHB Tony Ayala 0-0: Called Strike
0-1: Called Strike
0-2: Ball
1-2: Fly out, F8 (Flyball, 8LD)
Batting: RHB Steve Boyer 0-0: Ground out 4-3 (Groundball, 34)
Batting: SHB Walton Locke 0-0: Ball
1-0: Called Strike
1-1: Called Strike
1-2: Ball
2-2: Fly out, F4 (Line Drive, 4)
Bottom of the 4th over - 0 run(s), 0 hit(s), 0 error(s), 0 left on base; Monroe 3 - San Francisco 0
TOP OF THE 5TH
Monroe Mallards batting - Pitching for San Francisco Macho Men : RHP John Robinson
Batting: LHB Ramón Chávez 0-0: Swinging Strike
0-1: SOLO HOME RUN (Flyball, 9LD), Distance : 332 ft
Batting: RHB Ricardo López 0-0: Foul Ball, location: 2F
0-1: Foul Ball, location: 2F
0-2: Ball
1-2: Strikes out swinging
Batting: RHB Roberto Sánchez 0-0: Swinging Strike
0-1: Foul Ball, location: 2F
0-2: Foul Ball, location: 2F
0-2: Ball
1-2: Fly out, F4 (Line Drive, 4)
Batting: RHB Dave Sawyer 0-0: Called Strike
0-1: Ball
1-1: Called Strike
1-2: Ball
2-2: Fly out, F8 (Line Drive, 89M)
Top of the 5th over - 1 run(s), 1 hit(s), 0 error(s), 0 left on base; Monroe 4 - San Francisco 0
BOTTOM OF THE 5TH
San Francisco Macho Men batting - Pitching for Monroe Mallards : RHP Mike Church
Batting: LHB António Muńóz 0-0: Ball
1-0: Foul Ball, location: 2F
1-1: Ground out 5-3 (Groundball, 56D)
Batting: RHB Derek Hartman 0-0: Ball
1-0: Fly out, F2 (Popup, 15S)
Batting: RHB Peter Hernández 0-0: Fly out, F7 (Flyball, 78XD)
Bottom of the 5th over - 0 run(s), 0 hit(s), 0 error(s), 0 left on base; Monroe 4 - San Francisco 0
TOP OF THE 6TH
Monroe Mallards batting - Pitching for San Francisco Macho Men : RHP John Robinson
Batting: LHB Allen Boyd 0-0: Swinging Strike
0-1: Ball
1-1: Ball
2-1: Called Strike
2-2: Strikes out swinging
Pitching: RHP José Estrada
Batting: RHB Cisco López 0-0: Ball
1-0: Swinging Strike
1-1: Ball
2-1: Called Strike
2-2: Strikes out swinging
Batting: RHB Stephen Black 0-0: Ball
1-0: Ball
2-0: Foul Ball, location: 2F
2-1: SINGLE (Line Drive, 9LM)
Batting: RHB Rafael Crus 0-0: Called Strike
0-1: Swinging Strike
0-2: Ball
1-2: Strikes out swinging
Top of the 6th over - 0 run(s), 1 hit(s), 0 error(s), 1 left on base; Monroe 4 - San Francisco 0
BOTTOM OF THE 6TH
San Francisco Macho Men batting - Pitching for Monroe Mallards : RHP Mike Church
Batting: RHB Dave MacGruder 0-0: Called Strike
0-1: Called Strike
0-2: Strikes out swinging
Batting: RHB Mike Hall 0-0: Called Strike
0-1: Foul Ball, location: 2F
0-2: Ball
1-2: Ball
2-2: Ground out 5-3 (Groundball, 56)
Batting: RHB Pablo Pineda 0-0: Called Strike
0-1: Ball
1-1: Ground out 6-3 (Groundball, 6M)
Bottom of the 6th over - 0 run(s), 0 hit(s), 0 error(s), 0 left on base; Monroe 4 - San Francisco 0
TOP OF THE 7TH
Monroe Mallards batting - Pitching for San Francisco Macho Men : RHP José Estrada
Batting: SHB Richie Gallegos 0-0: Called Strike
0-1: Ball
1-1: Ball
2-1: Fly out, F4 (Popup, 4)
Batting: LHB Ramón Chávez 0-0: Ball
1-0: Ball
2-0: Called Strike
2-1: Swinging Strike
2-2: Foul Ball, location: 2F
2-2: Foul Ball, location: 2F
2-2: Strikes out swinging
Batting: RHB Ricardo López 0-0: Fly out, F6 (Popup, 4MS)
Top of the 7th over - 0 run(s), 0 hit(s), 0 error(s), 0 left on base; Monroe 4 - San Francisco 0
BOTTOM OF THE 7TH
San Francisco Macho Men batting - Pitching for Monroe Mallards : RHP Mike Church
Batting: LHB Tony Ayala 0-0: Ball
1-0: Ball
2-0: Foul Ball, location: 2F
2-1: SINGLE (Groundball, 4M) (infield hit)
Batting: RHB Steve Boyer 0-0: Ball
1-0: Swinging Strike
1-1: SINGLE (Flyball, 4MD)
Tony Ayala to second
Batting: SHB Walton Locke 0-0: Ball
1-0: Called Strike
1-1: Foul Ball, location: 2F
1-2: Fielders Choice at 2nd, 4-6 (Groundball, 4)
Tony Ayala to third
Batting: LHB António Muńóz 0-0: Ball
1-0: Called Strike
1-1: Ball
Walton Locke steals 2nd base
2-1: Ground out 4-3 (Groundball, 34)
Tony Ayala scores
Walton Locke to third
Pitching: RHP Mark Thompson
Batting: RHB Derek Hartman 0-0: Called Strike
0-1: Swinging Strike
0-2: Fly out, F9 (Flyball, 89M)
Bottom of the 7th over - 1 run(s), 2 hit(s), 0 error(s), 1 left on base; Monroe 4 - San Francisco 1
TOP OF THE 8TH
Monroe Mallards batting - Pitching for San Francisco Macho Men : RHP José Estrada
Batting: RHB Roberto Sánchez 0-0: Ground out 6-3 (Groundball, 56)
Batting: RHB Dave Sawyer 0-0: Ball
1-0: Called Strike
1-1: Ball
2-1: Foul Ball, location: 2F
2-2: Strikes out looking
Batting: LHB Allen Boyd 0-0: Called Strike
0-1: Foul Ball, location: 2F
0-2: Ball
1-2: Ball
2-2: Ground out 6-3 (Groundball, 6)
Top of the 8th over - 0 run(s), 0 hit(s), 0 error(s), 0 left on base; Monroe 4 - San Francisco 1
BOTTOM OF THE 8TH
San Francisco Macho Men batting - Pitching for Monroe Mallards : RHP Mark Thompson
Batting: RHB Peter Hernández 0-0: Called Strike
0-1: Called Strike
0-2: Ball
1-2: Strikes out swinging
Batting: RHB Dave MacGruder 0-0: Called Strike
0-1: Hit by Pitch
Batting: RHB Mike Hall 0-0: Ball
1-0: Ball
2-0: Foul Ball, location: 2F
2-1: Ball
3-1: Foul Ball, location: 2F
3-2: SINGLE (Line Drive, 56D)
Dave MacGruder to second
Dave MacGruder to third
Batting: RHB Pablo Pineda 0-0: Ball
1-0: Called Strike
1-1: Foul Ball, location: 2F
1-2: Strikes out looking
Batting: LHB Tony Ayala 0-0: Ball
1-0: Fly out, F6 (Line Drive, 6)
Bottom of the 8th over - 0 run(s), 1 hit(s), 0 error(s), 2 left on base; Monroe 4 - San Francisco 1
TOP OF THE 9TH
Monroe Mallards batting - Pitching for San Francisco Macho Men : RHP José Estrada
Batting: RHB Cisco López 0-0: Fly out, F8 (Flyball, 8LD)
Batting: RHB Stephen Black 0-0: Ball
1-0: Foul Ball, location: 2F
1-1: Ball
2-1: Ball
3-1: Ground out 4-3 (Groundball, 4)
Batting: RHB Rafael Crus 0-0: Foul Ball, location: 2F
0-1: Swinging Strike
0-2: Ball
1-2: Ball
2-2: Foul Ball, location: 2F
2-2: Ball
3-2: Strikes out swinging
Top of the 9th over - 0 run(s), 0 hit(s), 0 error(s), 0 left on base; Monroe 4 - San Francisco 1
BOTTOM OF THE 9TH
San Francisco Macho Men batting - Pitching for Monroe Mallards : RHP Mark Thompson
Pitching: LHP Dave Hughes
Batting: RHB Steve Boyer 0-0: Foul Ball, location: 2F
0-1: Ball
1-1: Foul Ball, location: 2F
1-2: Foul Ball, location: 2F
1-2: Strikes out swinging
Batting: SHB Walton Locke 0-0: Ball
1-0: Swinging Strike
1-1: Called Strike
1-2: Ball
2-2: Strikes out swinging
Batting: LHB António Muńóz 0-0: Called Strike
0-1: DOUBLE (Flyball, 89M)
Batting: RHB Derek Hartman 0-0: Foul Ball, location: 2F
0-1: Foul Ball, location: 2F
0-2: Ball
1-2: Ball
2-2: Ball
3-2: Base on Balls
Batting: RHB Peter Hernández 0-0: Ball
1-0: Ball
2-0: Foul Ball, location: 2F
2-1: Ball
3-1: Fielders Choice at 2nd, 4-6 (Groundball, 4)
Bottom of the 9th over - 0 run(s), 1 hit(s), 0 error(s), 1 left on base; Monroe 4 - San Francisco 1
Thursday, March 30th, 2017 - OOTP Baseball 17.12 Build 75